 Dungeon Crawl Stone Soup version 0.14-a0-1297-g3d87a2a (webtiles) character file.

467 Jenx the Poker (level 6, -2/50 HPs)
             Began as a Djinni Warper on Dec 4, 2013.
             Slain by 4tharraofdagon's ghost (8 damage)
             ... on Level 4 of the Dungeon.
             The game lasted 00:15:41 (3587 turns).

Jenx the Poker (Djinni Warper)                      Turns: 3587, Time: 00:15:41

HP  -2/50        AC  7     Str 12      XL: 6   Next: 27%
MP   0/0         EV  9     Int 15      God:
Gold 133         SH  0     Dex 12      Spells:  1 memorised,  8 levels left

rFire  + + +     SeeInvis .     b - +0,+3 sling (flame)
rCold  x . .     Clarity  .     i - +1 ring mail
rNeg   + + +     Conserve .     (no shield)
rPois  .         rCorr    .     (no helmet)
rElec  .         rRot     .     (no cloak)
SustAb . .       Spirit   .     l - +0 pair of elf gloves
rMut   .         Warding  .     (boots unavailable)
Saprov . . .     Stasis   .     (no amulet)
                                (no ring)
                                (no ring)

@: flying, very slightly contaminated, slightly resistant to hostile
enchantments, very unstealthy
A: fire immunity, cold vulnerability, life protection 3
a: no special abilities


You were on level 4 of the Dungeon.
You were not hungry.

You visited 1 branch of the dungeon, and saw 4 of its levels.

You collected 133 gold pieces.

Inventory:

Hand weapons
 a - a +0,+0 spear
 b - a +0,+3 sling of flame (weapon)
Missiles
 e - 19 stones (quivered)
 f - 9 darts of dispersal
Armour
 i - a +1 ring mail (worn)
 l - a +0 pair of elven gloves (worn)
 n - a +0 robe
Magical devices
 p - a wand of frost (8) {unknown}
Scrolls
 d - a scroll of blinking
 g - 3 scrolls of remove curse
 h - 3 scrolls of fear {unknown}
 j - a scroll of amnesia
 m - a scroll of fog
 o - 2 scrolls of magic mapping {unknown}
 r - 2 scrolls of identify {unknown}
Potions
 k - a potion of agility {unknown}
 q - a potion of heal wounds {unknown}
 s - a potion of restore abilities
 t - a potion of curing
Books
 c - a book of Spatial Translocations

   Spells                             Type                      Level
   Apportation                        Translocation                1
   Portal Projectile                  Translocation                2
   *Blink                             Translocation                2
   Shroud of Golubria                 Charms/Translocation         2
   Teleport Other                     Translocation                3
   Passage of Golubria                Translocation                4


   Skills:
 - Level 1.7 Fighting
 * Level 6.6 Polearms
 - Level 0.8 Throwing
 - Level 1.1 Armour
 - Level 1.7 Dodging
 + Level 2.7 Spellcasting
 - Level 3.0 Translocations


You had 8 spell levels left.
You knew the following spells:

 Your Spells              Type           Power        Failure   Level  Hunger
b - Blink                 Tloc           N/A          14%         2    ##.....


Dungeon Overview and Level Annotations

Branches:
Dungeon (4/16)
 Temple: D:4-7

Altars:
Okawaru
Trog

Annotations:
D:4 4tharraofdagon's ghost, weakling OgBe


Innate Abilities, Weirdness & Mutations

You are immune to all types of fire, even holy and hellish.
You are vulnerable to cold.
You need no food.
You have no legs.
You are immune to negative energy.


Message History

4tharraofdagon's ghost closely misses you. 4tharraofdagon's ghost closely misses you.
Firing (i - inventory. (,) - cycle):
e - 20 stones (quivered)
Press: ? - help, Shift-Dir - straight line, f/p - 4tharraofdagon's ghost
Aim: 4tharraofdagon's ghost (heavily damaged)
You shoot a stone of flame.
The stone of flame misses 4tharraofdagon's ghost. 4tharraofdagon's ghost hits you.
* * * LOW HITPOINT WARNING * * *
Read which item? (? for menu, Esc to quit)
Okay, then.
Sorry, you're not good enough to have a special ability.
Unknown command.
Casting: Blink
Confirm with . or Enter, or press ? or * to list all spells.
Okay, then.
Casting: Blink
Confirm with . or Enter, or press ? or * to list all spells.
You blink. 4tharraofdagon's ghost hits you!
You die...

.##### #.##..#.## .#
#.#....... .# #.#?..#.##
.# ##(#.(....# # .#
#.........# .# .#
#.....$...# ..## .#
######...ยง.....#...... ..
.........p............. .#
#...###(#@..#.#####...
.### #...###(#...#.# ....
#.%.....#..(#)###########
....
##...............<........
...
........(.................
.#
##########.....##########
.############ #...........
....<................#####
.################..###


You could see 4tharraofdagon's ghost.

Vanquished Creatures
  The ghost of Somebody the Grave Robber, an average DENe (D:3)
  A worker ant (D:4)
  8 adders
  2 inept feature mimics (D:2)
  4 worms
  An adder zombie (D:3)
  A giant gecko (D:2)
  An ooze (D:3)
  8 orcs
  7 bats
  9 goblins
  12 hobgoblins
  7 jackals (D:1)
  3 kobolds
  3 quokkas
  A ball python (D:3)
  4 giant cockroaches
  4 giant newts
  A hobgoblin zombie (D:3)
  An orc zombie (D:3)
  6 rats
85 creatures vanquished.

Notes
Turn   | Place    | Note
--------------------------------------------------------------
     0 | D:1      | Jenx, the Djinni Warper, began the quest for the Orb.
     0 | D:1      | Reached XP level 1. HP: 17/17 MP: 0/0
   205 | D:1      | Reached XP level 2. EP: 15/24
   216 | D:1      | Learned a level 2 spell: Blink
   632 | D:2      | Reached XP level 3. EP: 17/30
  1179 | D:2      | Reached skill level 4 in Polearms
  1435 | D:2      | Reached XP level 4. EP: 33/37
  2010 | D:3      | Reached skill level 5 in Polearms
  2205 | D:3      | Reached XP level 5. EP: 41/43
  2215 | D:3      | Noticed Somebody's ghost (average DENe)
  2251 | D:3      | Killed Somebody's ghost
  2251 | D:3      | Reached skill level 6 in Polearms
  2431 | D:3      | Found a bloodstained altar of Trog.
  2616 | D:3      | Reached XP level 6. EP: 41/50
  2773 | D:3      | Found an iron altar of Okawaru.
  3073 | D:4      | Noticed 4tharraofdagon's ghost (weakling OgBe)
  3587 | D:4      | Slain by 4tharraofdagon's ghost

Action                   |  1- 3 |  4- 6 || total
-------------------------+-------+-------++-------
Melee: Spear             |   178 |   358 ||   536
 Fire: Sling             |       |    36 ||    36
Throw: Dart              |     2 |     2 ||     4
 Cast: Blink             |       |     2 ||     2
  Use: Scroll            |     6 |     3 ||     9
       Potion            |       |     6 ||     6
